AoeStats
← gokulsurya003

Nomad

510162252Analyzed
4v4 RM · 3d ago on Sep 29, 2026· 78m 15s· 8 players
Game mode
Random Map
Map size
231×231
Population
200
Speed
Normal
Resources
Standard
Victory
Conquest
Starting age
Dark Age
Ending age
Imperial Age
RankedLock teamsTeams togetherTeam positionsShared explorationLock speedFull tech treeHidden civsTurbo modeCheats
Victory
Defeat
🇨🇿 Malay · Czechia
784
+14
🇲🇽 Huns · Mexico
703
+17
🇫🇷 Georgians · France
701
+19
🇵🇪 Vikings · Peru
680
+18
🇫🇷 Britons · France
752
-18
🇩🇪 Huns · Germany
747
-17
🇮🇳 Mongols · India
730
-17
🇺🇸 Vietnamese · United States
719
-16
KeepItSimple
16:16 Feudal Age
17:04 Double-Bit Axe
20:40 Castle Age
19:43 Gold Mining
19:45 Stone Mining
20:38 Forging
20:33 Scale Barding Armor
20:20 Fletching
21:23 Wheelbarrow
20:43 Fishing Lines
22:14 Iron Casting
22:18 Bow Saw
22:47 Loom
23:43 Gold Shaft Mining
24:41 Chain Barding Armor
25:10 Bloodlines
25:01 Husbandry
26:14 Town Watch
26:46 Hand Cart
34:56 Imperial Age
32:31 Town Patrol
35:06 Masonry
35:17 Ballistics
34:53 Murder Holes
34:50 Fletching
35:34 Bodkin Arrow
36:41 Blast Furnace
37:06 Cavalier
38:04 Bracer
38:41 Conscription
41:03 Gillnets
44:33 Paladin
46:16 Plate Barding Armor
46:51 Squires
48:12 Pikeman
48:57 Scale Mail Armor
50:08 Chemistry
51:13 Halberdier
51:41 Arson
59:08 Two-Man Saw
Rdal4
3:59 Loom
17:36 Feudal Age
20:04 Town Watch
26:33 Forging
26:23 Scale Mail Armor
26:24 Padded Archer Armor
26:14 Fletching
29:23 Castle Age
29:02 Gold Mining
29:02 Stone Mining
31:09 Gold Shaft Mining
31:37 Iron Casting
31:17 Chain Mail Armor
30:57 Bodkin Arrow
31:17 Leather Archer Armor
31:24 Leather Archer Armor
31:40 Horse Collar
32:34 Fortified Wall
32:20 Murder Holes
32:38 Heavy Plow
33:15 Wheelbarrow
32:43 Town Patrol
36:26 Imperial Age
35:04 Hand Cart
34:46 Double-Bit Axe
35:00 Treadmill Crane
36:09 Bow Saw
36:44 Cavalier
37:24 Husbandry
38:28 Blast Furnace
37:58 Plate Mail Armor
37:36 Bracer
38:06 Ring Archer Armor
38:12 Ring Archer Armor
39:24 Two-Man Saw
39:38 Elite Longbowman
42:10 Yeomen
42:49 Conscription
44:11 Ballistics
43:38 Arrowslits
45:11 Chemistry
49:01 Hoardings
59:34 Warwolf
60:09 Pikeman
gokulsurya003
5:01 Loom
14:14 Feudal Age
18:24 Wheelbarrow
18:55 Fishing Lines
26:48 Double-Bit Axe
31:08 Castle Age
36:31 Gillnets
42:08 Scale Barding Armor
42:06 Padded Archer Armor
41:56 Fletching
42:18 Forging
42:09 Scale Mail Armor
42:14 Scale Barding Armor
58:43 Imperial Age
56:29 Hand Cart
58:55 Elite Mangudai
F o r k B e a r d
14:43 Loom
16:29 Feudal Age
18:02 Double-Bit Axe
21:04 Castle Age
20:07 Wheelbarrow
20:00 Man-at-Arms
22:13 Forging
21:43 Long Swordsman
26:16 Fishing Lines
29:35 Pikeman
38:50 Hand Cart
39:14 Gold Mining
RaBsarge
12:42 Loom
16:59 Feudal Age
18:58 Horse Collar
21:40 Castle Age
20:08 Double-Bit Axe
21:41 Husbandry
23:05 Husbandry
23:45 Scale Barding Armor
32:23 Stone Mining
37:10 Wheelbarrow
36:21 Town Watch
43:05 Imperial Age
40:50 Hand Cart
42:20 Heavy Plow
43:26 Cavalier
47:47 Fletching
47:45 Town Watch
50:25 Bow Saw
52:42 Conscription
54:45 Light Cavalry
68:40 Gold Mining
69:26 Stone Shaft Mining
68:55 Town Patrol
70:23 Elite Karambit Warrior
77:27 Gold Shaft Mining
Xav314
3:43 Loom
16:55 Feudal Age
22:37 Castle Age
21:33 Fishing Lines
28:42 Murder Holes
41:03 Treadmill Crane
51:10 Ballistics
53:50 Gillnets
60:12 Husbandry
60:59 Wheelbarrow
66:55 Double-Bit Axe
67:01 Gold Mining
73:47 Stone Mining
74:10 Bow Saw
74:07 Caravan
76:57 Stone Shaft Mining
DavidxGabriel
6:19 Loom
18:36 Feudal Age
20:54 Town Watch
21:25 Double-Bit Axe
22:03 Stone Mining
26:13 Castle Age
26:41 Gold Mining
27:32 Bow Saw
28:26 Fletching
29:10 Town Patrol
38:49 Imperial Age
37:12 Treadmill Crane
37:30 Murder Holes
39:14 Bodkin Arrow
39:34 Fortified Wall
39:40 Chieftains
39:10 Onager
39:14 Capped Ram
41:07 Chemistry
40:13 Siege Ram
42:27 Bracer
44:49 Two-Man Saw
45:30 Ballistics
45:49 Heavy Scorpion
48:02 Horse Collar
48:32 Scale Mail Armor
48:42 Forging
50:15 Chain Mail Armor
50:58 Siege Engineers
53:35 Plate Mail Armor
53:40 Iron Casting
54:21 Squires
53:42 Pikeman
57:25 Arson
59:57 Iron Casting
58:58 Elite Berserk
59:39 Padded Archer Armor
60:11 Conscription
59:39 Arrowslits
64:29 Blast Furnace
63:43 Masonry
64:40 Leather Archer Armor
66:22 Architecture
68:08 Heavy Plow
71:15 Ring Archer Armor
GUSTAVO SOSA JR.
13:52 Loom
15:55 Feudal Age
16:49 Double-Bit Axe
18:17 Fishing Lines
19:00 Horse Collar
21:12 Gold Mining
23:01 Scale Barding Armor
23:08 Forging
25:08 Castle Age
23:47 Bloodlines
26:10 Husbandry
39:32 Imperial Age
37:55 Marauders
38:28 Town Watch
39:30 Chain Barding Armor
39:48 Iron Casting
40:09 Murder Holes
39:37 Cavalier
42:58 Wheelbarrow
45:57 Plate Barding Armor
46:23 Blast Furnace
46:01 Paladin
51:27 Light Cavalry
53:49 Hussar
56:16 Conscription
63:17 Elite Tarkan
77:29 Spies/Treason
Connection lost

Rejoining the realm…

Still unreachable

The connection could not be restored.

Session expired

The server has moved on; the page needs a fresh start.